 Dungeon Sprint DCSS version 0.31-a0-844-gdc52ec4e09 (webtiles) character file.

Game seed: 14974894241376163316

19952 sircluck the Brawler (level 12, -4/144 HPs)
             Began as a Troll Berserker on Sept 29, 2023.
             Was the Champion of Trog.
             Slain by a soul eater (13 damage)
             ... in the Dungeon (Sprint VII: "The Pits").
             The game lasted 00:06:50 (2264 turns).

sircluck the Brawler (Troll Berserker)              Turns: 2264, Time: 00:06:51

Health: -4/144     AC:  8    Str: 35    XL:     12   Next: 41%
Magic:  11/11      EV: 14    Int:  3    God:    Trog [******]
Gold:   32         SH:  0    Dex:  9    Spells: 11/11 levels left

rFire   . .          .
                       - Unarmed
rCold   . . .        (no shield)
rNeg    . . .        h - +0 troll leather armour
rPois   .            (helmet restricted)
rElec   .            (no cloak)
rCorr   .            (gloves unavailable)
SInv    .            (boots unavailable)
Will    .....        (no amulet)
Stlth   +            j - +3 ring of strength
HPRegen 2.04/turn    n - +3 ring of protection
MPRegen 0.12/turn

%: no teleportation
@: on berserk cooldown, slowed, very slow
A: large, unfitting armour, claws 3, regeneration 1, shaggy fur 1, tough skin 1
a: Renounce Religion, Berserk, Trog's Hand, Brothers in Arms


You were in the Dungeon.
You worshipped Trog.
Trog was exalted by your worship.
You visited 1 branch You collected 32 gold pieces.

Inventory:

Armour
 a - a +0 animal skin
 h - a +0 troll leather armour (worn)
Jewellery
 j - a +3 ring of strength (left claw)
 n - a +3 ring of protection (right claw)
 v - a ring of see invisible
 x - a ring of poison resistance
Wands
 u - a wand of flame (13)
Scrolls
 d - 2 scrolls of vulnerability
 p - 3 scrolls of fog
 q - 3 scrolls of enchant armour
 r - 2 scrolls of fear
 s - 2 scrolls of enchant weapon
 w - a scroll of poison
Potions
 b - 9 potions of curing
 c - 2 potions of invisibility
 e - 4 potions of magic
 f - 3 potions of berserk rage
 i - 12 potions of heal wounds
 k - 2 potions of resistance
 l - 3 potions of haste
 m - 3 potions of might
 t - a potion of mutation


   Skills:
 + Level 16.3 Fighting
 + Level 16.1 Dodging
 + Level 18.8 Unarmed Combat


You had 11 spell levels left.
You didn't know any spells.
Your spell library was empty.

Dungeon Overview and Level Annotations

Branches:
Dungeon (1/1)

Altars:
Ashenzari
Cheibriados
Dithmenos
Elyvilon
Fedhas
Gozag
Hepliaklqana
Kikubaaqudgha
Makhleb
Nemelex Xobeh
Okawaru
Qazlal
Ru
Sif Muna
Trog
Uskayaw
Vehumet
Wu Jian
Xom
Yredelemnul
Zin
The Shining One
Jiyva
Lugonu

Annotations:
D Saint Roka


Innate Abilities, Weirdness & Mutations

You are too large for most types of armour.
You have claws for hands.
Your natural rate of healing is unusually fast.
You are covered in fur. (AC +1)
You have tough skin. (AC +1)


Message History

Press: ? - help, Q - select action, (/) - cycle Dir - look around, f - activate Look: a death cob
As you read the scroll of butterflies, it crumbles to dust.
You hear the flapping of tiny wings.
The death cob is knocked back by the sudden gust.
The death cob hits your butterfly.
Your butterfly dies!
Your butterfly disappears in a burst of colours!
The death cob closely misses your butterfly.
You swap places.
The death cob barely misses your butterfly.
The death cob hits your butterfly.
Your butterfly dies!
Your butterfly disappears in a burst of colours!
The death cob barely misses your butterfly.
You swap places.
The death cob hits your butterfly!!
Your butterfly dies!
Your butterfly disappears in a burst of colours!
The death cob hits your butterfly!!
Your butterfly dies!
Your butterfly disappears in a burst of colours!
The death cob hits your butterfly!!
Your butterfly dies!
Your butterfly disappears in a burst of colours!
You swap places.
The death cob hits your butterfly!!
Your butterfly dies!
Your butterfly disappears in a burst of colours!
The death cob hits you!
* * * LOW HITPOINT WARNING * * *
You're still recovering from your berserk rage.
Your stone giant goes berserk!
The death cob barely misses you. The death cob hits you.
* * * LOW HITPOINT WARNING * * *
The death cob drains your vigour!
You feel as though you will be slow longer.
The death cob hits you but does no damage.
The death cob hits you!!
* * * LOW HITPOINT WARNING * * *
The soul eater draws from the surrounding life force!
You die...

+..#....#..# +......b...#
#...bb.b.b.# ########..#..bb#..#
......''..b.b..b.b#
......''..bbbbbbb.#
####..##..#.bbb#..#
#..##....bbbbzb+ #..##..bbb.b.@b+
#..####o3####''#
#..####''####'C###############
#..##......##........)........
####..##.#+##.##.................
......##.#|[+.##..##############+
......##z+)/#.##..#
########.#=u'.##..#
########.'.z#.##..#


You could see Saint Roka, a death cob (ally target), a soul eater and a friendly
stone giant (summoned, berserk).

Vanquished Creatures
  A deep elf blademaster (D)
  A nagaraja (D)
  A lorocyproca (D)
  A great orb of eyes (D)
  An alligator (D)
  A demonic crawler (D)
  5 death yaks (D)
  A sun demon (D)
  A deep elf knight (D)
  A deep troll (D)
  A swamp dragon (D)
  A lindwurm (D)
  An elephant (D)
  Joseph (D)
  A guardian serpent (shapeshifter) (D)
  A guardian serpent (D)
  A komodo dragon (D)
  A rime drake (D)
  A guardian mummy (D)
  A troll (D)
  2 hellwings (D)
  2 polar bears (D)
  6 dream sheep (D)
  A basilisk (D)
  10 yaks (D)
  A ynoxinul (D)
  2 acid dragons (D)
  4 vampire mosquitoes (D)
  2 sky beasts (D)
  A black bear (D)
  2 ogres (D)
  A bullfrog (D)
  A kobold brigand (D)
  A necrophage (D)
  A crimson imp (D)
  A quasit (D)
  A hound (D)
  An iron imp (D)
  2 mummies (D)
  2 adders (D)
  3 river rats (D)
  An ufetubus (D)
  5 orcs (D)
  An endoplasm (D)
  A jackal (D)
  A quokka (D)
  3 ball pythons (D)
  A ball python skeleton (D)
  A quokka skeleton (D)
85 creatures vanquished.

Vanquished Creatures (collateral kills)
  An eidolon (D)
  A flayed ghost (D)
  A phantasmal warrior (D)
  A smoke demon (D)
  A jumping spider (D)
  A yak (D)
  2 acid dragons (D)
  An ogre (D)
  A gnoll sergeant (D)
  A hound (D)
  3 gnolls (D)
14 creatures vanquished.

Grand Total: 99 creatures vanquished

Notes
Turn   | Place    | Note
-------+----------+-------------------------------------------
     0 | D        | sircluck the Troll Berserker began the quest for the Orb.
     0 | D        | Reached XP level 1. HP: 22/22 MP: 0/0
    11 | D        | Noticed an ogre
    23 | D        | Killed an ogre
    24 | D        | Reached skill level 5 in Unarmed Combat
    24 | D        | Reached XP level 2. HP: 33/33 MP: 1/1
    24 | D        | Reached XP level 3. HP: 40/40 MP: 2/2
    24 | D        | Reached XP level 4. HP: 49/49 MP: 3/3
    71 | D        | Noticed a vampire mosquito
    71 | D        | Noticed a troll
    71 | D        | Noticed a vampire mosquito
    73 | D        | Noticed a vampire mosquito
    73 | D        | Noticed a vampire mosquito
    77 | D        | Killed a vampire mosquito
    77 | D        | Reached ** piety under Trog
    78 | D        | Reached skill level 7 in Unarmed Combat
    78 | D        | Reached XP level 5. HP: 59/59 MP: 4/4
    80 | D        | Killed a vampire mosquito
    81 | D        | Reached skill level 8 in Unarmed Combat
    81 | D        | Reached XP level 6. HP: 68/68 MP: 5/5
    84 | D        | Killed a troll
    85 | D        | Reached skill level 9 in Unarmed Combat
    85 | D        | Reached XP level 7. HP: 27/79 MP: 6/6
    85 | D        | Killed a vampire mosquito
    92 | D        | Killed a vampire mosquito
    92 | D        | Reached *** piety under Trog
    93 | D        | Reached skill level 10 in Unarmed Combat
   149 | D        | Noticed a yak
   149 | D        | Noticed a yak
   177 | D        | Killed a yak
   182 | D        | Killed a yak
   183 | D        | Reached XP level 8. HP: 92/92 MP: 7/7
   225 | D        | Reached **** piety under Trog
   226 | D        | Reached skill level 11 in Unarmed Combat
   280 | D        | Reached skill level 10 in Fighting
   286 | D        | Noticed a culicivora
   292 | D        | a culicivora changed into a guardian serpent
   292 | D        | Noticed a guardian serpent (shapeshifter)
   293 | D        | Reached skill level 10 in Dodging
   294 | D        | Noticed a guardian mummy
   297 | D        | Killed a guardian serpent
   297 | D        | Reached ***** piety under Trog
   298 | D        | Reached skill level 12 in Unarmed Combat
   298 | D        | Reached XP level 9. HP: 102/102 MP: 8/8
   300 | D        | Killed a guardian mummy
   440 | D        | Noticed a deep troll
   453 | D        | Killed a deep troll
   454 | D        | Reached skill level 13 in Unarmed Combat
   699 | D        | Noticed a lindwurm
   702 | D        | Noticed a sun demon
   707 | D        | Killed a lindwurm
   710 | D        | Killed a sun demon
   711 | D        | Reached XP level 10. HP: 53/115 MP: 9/9
   777 | D        | Noticed an eidolon
   793 | D        | Killed an eidolon
   794 | D        | Reached skill level 14 in Unarmed Combat
   966 | D        | Noticed a death yak
   967 | D        | Noticed a death yak
   967 | D        | Noticed a nagaraja
   969 | D        | Noticed a death yak
   971 | D        | Noticed a death yak
   972 | D        | Killed a death yak
   974 | D        | Noticed a death yak
   976 | D        | Killed a death yak
   980 | D        | Killed a nagaraja
   981 | D        | Reached skill level 15 in Unarmed Combat
   981 | D        | Noticed a guardian serpent
   983 | D        | Killed a death yak
   989 | D        | Killed a death yak
   990 | D        | Reached XP level 11. HP: 94/127 MP: 10/10
   999 | D        | HP: 6/127 [poisoned by a guardian serpent (bolt of poison)]
  1018 | D        | Received a gift from Trog
  1018 | D        | Reached ****** piety under Trog
  1019 | D        | Killed a death yak
  1020 | D        | Reached skill level 16 in Unarmed Combat
  1128 | D        | Found a bloodstained altar of Trog.
  1128 | D        | Found a shimmering blue altar of Sif Muna.
  1128 | D        | Found a viscous altar of Jiyva.
  1128 | D        | Found a hazy altar of Hepliaklqana.
  1128 | D        | Found an opulent altar of Gozag.
  1129 | D        | Found a glowing golden altar of the Shining One.
  1129 | D        | Found a glowing silver altar of Zin.
  1129 | D        | Found a basalt altar of Yredelemnul.
  1129 | D        | Found a shimmering altar of Xom.
  1129 | D        | Found an ornate altar of the Wu Jian Council.
  1129 | D        | Found a sacrificial altar of Ru.
  1129 | D        | Found a stormy altar of Qazlal.
  1129 | D        | Found an iron altar of Okawaru.
  1129 | D        | Found a sparkling altar of Nemelex Xobeh.
  1129 | D        | Found a burning altar of Makhleb.
  1129 | D        | Found a blossoming altar of Fedhas.
  1129 | D        | Found a white marble altar of Elyvilon.
  1129 | D        | Found a shadowy altar of Dithmenos.
  1129 | D        | Found a snail-covered altar of Cheibriados.
  1133 | D        | Found a corrupted altar of Lugonu.
  1133 | D        | Found a radiant altar of Vehumet.
  1134 | D        | Found a broken altar of Ashenzari.
  1134 | D        | Found an ancient bone altar of Kikubaaqudgha.
  1134 | D        | Found a hide-covered altar of Uskayaw.
  1248 | D        | Received a gift from Trog
  1288 | D        | Received a gift from Trog
  1638 | D        | Noticed Joseph
  1645 | D        | Killed Joseph
  1681 | D        | Received a gift from Trog
  1688 | D        | Noticed a swamp dragon
  1731 | D        | Noticed an alligator
  1741 | D        | Killed an alligator
  1803 | D        | Noticed a great orb of eyes
  1821 | D        | Killed a lorocyproca
  1822 | D        | Reached skill level 17 in Unarmed Combat
  1823 | D        | Killed a great orb of eyes
  1827 | D        | Killed a swamp dragon
  1828 | D        | Reached skill level 15 in Fighting
  1830 | D        | Received a gift from Trog
  1839 | D        | Reached skill level 15 in Dodging
  1934 | D        | Received a gift from Trog
  1951 | D        | Noticed a demonic crawler
  1956 | D        | Reached XP level 12. HP: 87/143 MP: 11/11
  1958 | D        | Reached skill level 18 in Unarmed Combat
  1962 | D        | Identified the +7 glaive of Shrieking Terror {heavy, Will+
                  | rCorr} (Trog gifted it to you in the Dungeon)
  1962 | D        | Received a gift from Trog
  1964 | D        | Killed a demonic crawler
  1968 | D        | Received a gift from Trog
  2233 | D        | Found the +10 Black Knight's barding {ponderous, rPois rN+}
  2233 | D        | Noticed a death cob
  2233 | D        | Noticed a deep elf blademaster
  2233 | D        | Noticed Saint Roka
  2247 | D        | Killed a deep elf blademaster
  2253 | D        | Received a gift from Trog
  2255 | D        | HP: 2/144 [death cob (10)]
  2264 | D        | Slain by a soul eater

Illustrated notes

Levels and vault maps discovered:
D:        pitsprint [storerooms_1, entrance_room_1, metal_vault_6, armoury_2,
          mini_pit_1, grid_room_1, main_hall_1, silver_pit, the_coven_3,
          the_vestibule_1, steel_vault_4, golden_pit, hallway_of_sentries,
          crystal_vault_1, iron_vault_4, final_vault]

Skill      XL: |  1  2  3  4  5  6  7  8  9 10 11 12 |
---------------+-------------------------------------+-----
Fighting       | 4 6 7 9 10 11 13 15 16 | 16.3
Dodging        | 4 6 7 9 10 11 13 15 16 | 16.1
Unarmed Combat | 5 7 8 9 10 12 13 15 17 18 | 18.8

Action                     |  1- 3 |  4- 6 |  7- 9 | 10-12 || total
---------------------------+-------+-------+-------+-------++-------
  Melee: Unarmed           |     5 |    11 |    54 |   196 ||   266
         Punch             |       |       |     5 |    12 ||    17
 Invoke: Berserk           |     1 |     1 |     4 |     4 ||    10
         Brothers in Arms  |       |       |       |     4 ||     4
    Use: Potion            |       |       |       |     4 ||     4
         Scroll            |       |       |       |     4 ||     4
   Stab: Distracted        |       |       |       |     1 ||     1
 Armour: Animal skin       |     1 |    12 |     4 |       ||    17
         Troll leather arm |       |       |    22 |   147 ||   169
  Dodge: Dodged            |     1 |     6 |    18 |    94 ||   119

Table legend: (Time is in decaauts)
 A = Elapsed time spent in this place.
 B = Non-inter-level travel time spent in this place.
 C = Inter-level travel time spent in this place.
 D = Time resting spent in this place.
 E = Time spent auto-exploring this place.
 F = Levels seen in this place.
 G = Mean time per level.
                   A        B        C        D        E       F      G
               +--------+--------+--------+--------+--------+-----+--------+
         Total |   2268 |   2149 |    119 |    893 |    120 |   1 | 2268.0 |
       Dungeon |   2268 |   2149 |    119 |    893 |    120 |   1 | 2268.0 |
               +--------+--------+--------+--------+--------+-----+--------+

Top non-repeatable levels by time:
       D: 2268 daAuts
